 Dungeon Crawl Stone Soup version 0.32-a0-473-gd044c6f0f0 (console) character file.

Game seed: 1068816790732449063

10250 Banquo the Fighter (level 11, -25/73 HPs)
             Began as a Djinni Air Elementalist on Feb 26, 2024.
             Was a Priest of Hepliaklqana.
             Hit by a javelin thrown by a minotaur (32 damage)
             ... in a Gauntlet.
             The game lasted 01:03:28 (11030 turns).

Banquo the Fighter (Djinni Air Elementalist)       Turns: 11030, Time: 01:03:28

Health: -25/73     AC:  8    Str:  7    XL:     11   Next: 89%
Gold:   732        EV: 15    Int: 24    God:    Hepliaklqana [***...] SH:  0 Dex: 14

rFire   + + .        a - staff of air
rCold   x . .        (no shield)
rNeg    . . .        G - +2 leather armour {rPois}
rPois   ∞            o - +0 helmet
rElec   +            (no cloak)
rCorr   .            p - +0 pair of gloves
SInv    .            (boots unavailable)
Will    +....        l - amulet of Feoc {Spirit rPois Regen+ Int+3 Slay-2}
Stlth   ++           (no ring)
HPRegen 1.12/turn    (no ring)
MPRegen 0.00/turn

%: no teleportation, guardian spirit, infuse magic (-26 HP)
@: flying, very slightly contaminated
A: reduced essence, sickness immunity, fire resistance 2, cold vulnerability 1,
float, innate caster, HP casting, extra vitality 1
a: Renounce Religion, Recall Ancestor, Ancestor Identity, Transference


You were in a Gauntlet.
You worshipped Hepliaklqana.
Hepliaklqana was most pleased with you.
You visited 3 branches of the dungeon, and saw 11 of its levels.
You also visited: Ossuary, Bailey and Gauntlet.

You collected 732 gold pieces.

Inventory:

Hand Weapons
 b - a +1 dagger of venom
 n - a +0 hand axe of freezing
 x - a +3 short sword of flaming
 C - a +3 flail
Missiles
 e - 59 stones
Armour
 g - the +0 cloak "Humanunlog" {-Tele rPois rF+ Str+3}
   (You found it in a Gauntlet)

   Str+3:     It affects your strength (+3).
   rF+:       It protects you from fire.
   rPois:     It protects you from poison -Tele: It prevents most forms of
   teleportation.
 o - a +0 helmet (worn)
 p - a +0 pair of gloves (worn)
 v - a +0 robe
 G - a +2 leather armour of poison resistance (worn)
 H - the +2 ring mail of the Curupira {rCorr}
   (You found it in a bailey)

   rCorr:     It protects you from acid and corrosion.
Magical Staves
 a - a staff of air (weapon)
Jewellery
 l - the amulet of Feoc (around neck) {Spirit rPois Regen+ Int+3 Slay-2}
   (You found it in a Gauntlet)

   [amulet of guardian spirit]

   Spirit:    It causes incoming damage to be divided between your reserves of
   health and magic.
   Int+3:     It affects your intelligence (+3).
   Slay-2:    It affects your accuracy & damage with ranged weapons and melee
   (-2).
   rPois:     It protects you from poison Regen+: It increases your rate of
   health regeneration.
Wands
 y - a wand of roots (10)
Scrolls
 d - 5 scrolls of poison {unknown}
 f - a scroll of enchant weapon {unknown}
 k - 5 scrolls of fog {unknown}
 r - 2 scrolls of identify
 s - a scroll of blinking
 u - 3 scrolls of teleportation
 w - 6 scrolls of vulnerability {unknown}
Potions
 c - 3 potions of might
 h - 7 potions of curing
 i - 2 potions of heal wounds
 m - 4 potions of lignification
 q - 3 potions of resistance
 z - a potion of invisibility
 A - 2 potions of enlightenment
 B - 2 potions of brilliance


   Skills:
 * Level 8.9 Fighting
 * Level 4.5 Armour
 * Level 8.3 Dodging
 - Level 1.5 Stealth
 * Level 1.9 Shields
 * Level 8.2 Spellcasting
 * Level 8.2 Conjurations
 * Level 8.2 Hexes
 * Level 8.2 Summonings
 * Level 8.2 Necromancy
 * Level 8.2 Translocations
 * Level 8.2 Fire Magic
 * Level 8.2 Ice Magic
 * Level 8.2 Air Magic
 * Level 8.2 Earth Magic
 * Level 8.2 Alchemy
 * Level 8.3 Invocations


You knew the following spells:

 Your Spells              Type           Power      Damage    Failure   Level
a - Shock                 Conj/Air       100%       1d9       1%          1
b - Manifold Assault      Tloc           49%        N/A       3%          4
c - Mercury Vapours       Alch/Air       100%       N/A       1%          2
d - Static Discharge      Conj/Air       100%       3-8/arc   1%          2
e - Freeze                Ice            100%       1d10      1%          1
f - Scorch                Fire           98%        2d9       1%          2
l - Summon Lightning Spi  Summ/Air       65%        N/A       3%          4
z - Airstrike             Air            32%        2d(5-21)  3%          4
M - Swiftness             Air            65%        N/A       1%          3
Your spell library was empty.

Dungeon Overview and Level Annotations

Branches:
Dungeon (9/15)             Temple (1/1) D:7            Lair (1/5) D:9
Ossuary (visited)          Bailey (visited)         Gauntlet (1/1)
    Orc: D:9-12

Altars:
Ashenzari
Cheibriados
Dithmenos
Elyvilon
Fedhas
Gozag
Hepliaklqana
Makhleb
Nemelex Xobeh
Okawaru
Qazlal
Trog
Uskayaw
Wu Jian
Xom
Yredelemnul
Zin
The Shining One

Annotations:
Gauntlet 12 transporters, 21 runed translucent doors, exclusion: orange crystal statue


Innate Abilities, Weirdness & Mutations

Your life essence is reduced to manifest your ancestor. (-10% HP)
You are immune to sickness and miasma.
You are immune to poison.
Your flesh is very heat resistant. (rF++)
You are vulnerable to cold. (rC-)
You float through the air rather than walking.
You learn spells naturally, not from books.
Your magical power is your life essence.
You have superior vitality. (+4 MHP)


Message History

The air twists around and strikes the minotaur but does no damage.
* * * LOW HITPOINT WARNING * * *
Your lightning spire shoots out a bolt of lightning at the minotaur!
The bolt of electricity hits the minotaur!
Unknown command.
Casting: Airstrike (dangerous; 3% risk of failure)
Confirm with . or Enter, or press ? or * to list all spells.
Aiming: Airstrike (dangerous; 3% risk of failure)
Press: ? - help, Dir - move target, f/p - minotaur
Aim: a minotaur, wielding a +3 spear of venom, wearing a +0 chain mail and quivering javelins (heavily wounded, not watching you, very poisoned, ally target, empty space bonus: 3/8)
You feel a surge of power!
You miscast Airstrike.
You are very lightly contaminated with residual magic.
Nothing appears to happen.
* * * LOW HITPOINT WARNING * * *
The minotaur barely misses your lightning spire.
The minotaur gores your lightning spire.
Unknown command.
Casting: Airstrike (dangerous; 3% risk of failure)
Confirm with . or Enter, or press ? or * to list all spells.
Aiming: Airstrike (dangerous; 3% risk of failure)
Press: ? - help, Dir - move target, f/p - minotaur
Aim: a minotaur, wielding a +3 spear of venom, wearing a +0 chain mail and quivering javelins (heavily wounded, not watching you, very poisoned, ally target, empty space bonus: 3/8)
You feel a surge of power!
The air twists around and strikes the minotaur.
The minotaur is severely wounded.
* * * LOW HITPOINT WARNING * * *
The minotaur throws a javelin.
The javelin closely misses you.
Unknown command.
Casting: Airstrike (dangerous; 3% risk of failure)
Confirm with . or Enter, or press ? or * to list all spells.
Aiming: Airstrike (dangerous; 3% risk of failure)
Press: ? - help, Dir - move target, f/p - minotaur
Aim: a minotaur, wielding a +3 spear of venom, wearing a +0 chain mail and quivering javelins (severely wounded, very poisoned, ally target, empty space bonus: 3/8)
You feel a surge of power!
The air twists around and strikes the minotaur!
The minotaur is severely wounded.
* * * LOW HITPOINT WARNING * * *
The minotaur throws a javelin.
The javelin pierces through you!!
You die...
Hepliaklqana delivers you to your ancestors.

##.##.##.##.### #.....###.....#
#.##.##∩##.##.# ##.##.##.##.##.##
#......#.#......#
#.##.###.#.##.###
#.##.###H#.##.###
#......I........#
###.##.##@##.##.#
###.##.##.##.##.#
#...............#
##.##.##.##.##.##
###.##.##.##.##.###
#§...............≈# ##
####ß..©.©.©.©.©.©..ß#### ### ß#
#ß##≈...............≈##ß# #ß#
#################################


You could see a minotaur (very poisoned, ally target) and a friendly lightning
spire (summoned).

Vanquished Creatures
  A gargoyle (Bailey)
  A rime drake (Lair:1)
  A komodo dragon (Lair:1)
  A tyrant leech (Gauntlet)
  A raiju (Gauntlet)
  2 slime creatures (Gauntlet)
  A vampire (D:9)
  A wyvern (D:7)
  8 yaks (D:9)
  2 steam dragons
  3 water moccasins (D:9)
  An ice beast (D:7)
  A black bear (D:9)
  2 orc warriors (D:9)
  3 centaurs
  A kobold brigand (D:9)
  3 bullfrogs
  2 scorpions
  4 wights (D:7)
  12 killer bees
  3 vampire bats (Bailey)
  2 wolf zombies (Bailey)
  7 howler monkeys
  An electric eel (D:6)
  2 bombardier beetles
  3 orc priests (D:9)
  A gnoll bouda (D:7)
  A hound (D:5)
  4 jellies
  An iguana (D:9)
  3 orc wizards
  7 mummies (Ossuary)
  Robin (D:2)
  2 gnolls (D:7)
  10 adders
  3 ufetubi (D:6)
  2 ribbon worms
  28 orcs
  6 bats
  6 endoplasms
  A giant cockroach (D:2)
  11 hobgoblins
  2 jackals (D:3)
  2 quokkas
  5 ball pythons
  5 frilled lizards
  19 goblins
  A hobgoblin zombie (Ossuary)
  9 kobolds
  2 kobold zombies (Ossuary)
  12 orc zombies
  5 rats
218 creatures vanquished.

Vanquished Creatures (collateral kills)
  A boulder beetle (Lair:1)
  A wyvern (D:6)
  5 yaks (D:9)
  A vampire (Bailey)
  A swamp worm (Gauntlet)
  3 water moccasins
  2 orc warriors (D:9)
  A black bear (D:9)
  A sky beast (D:5)
  2 ogres
  A bullfrog (D:6)
  A wight (D:7)
  5 killer bees
  4 howler monkeys
  4 vampire bats (Bailey)
  5 wolf zombies (Bailey)
  2 jellies
  2 iguanas (D:9)
  2 orc wizards (D:7)
  A mummy (Ossuary)
  An adder (D:6)
  2 gnolls (D:7)
  A shadow imp (D:7)
  A white imp (D:5)
  An ufetubus (D:6)
  11 orcs
  A gnoll zombie (Ossuary)
  2 goblins (D:7)
  3 hobgoblin zombies (Ossuary)
  9 orc zombies (Bailey)
77 creatures vanquished.

Vanquished Creatures (others)
  3 knights
  An ancestor (D:5)
4 creatures vanquished.

Grand Total: 299 creatures vanquished

Notes
Turn   | Place    | Note
-------+----------+-------------------------------------------
     0 | D:1      | Banquo the Djinni Air Elementalist began the quest for the
                  | Orb.
     0 | D:1      | Banquo set off with the following spells memorised: Shock,
                  | Static Discharge, Swiftness, Airstrike.
     0 | D:1      | Reached XP level 1. HP: 15/15 MP: 0/0
   221 | D:1      | Reached XP level 2. HP: 13/22 MP: 0/0
   296 | D:1      | Reached skill level 1 in Fighting
   443 | D:1      | Reached XP level 3. HP: 19/27 MP: 0/0
   443 | D:1      | Learned a level 1 spell: Freeze
   847 | D:2      | Noticed Robin
   878 | D:2      | Reached XP level 4. HP: 26/33 MP: 0/0
  1084 | D:2      | Killed Robin
  1200 | D:2      | You are sucked into a shaft and drop 2 floors!
  1342 | D:4      | Reached XP level 5. HP: 33/39 MP: 0/0
  1342 | D:4      | Learned a level 2 spell: Scorch
  2031 | D:3      | Found a hazy altar of Hepliaklqana.
  2036 | D:3      | Became a worshipper of Hepliaklqana the Forgotten
  2365 | D:3      | Reached XP level 6. HP: 41/46 MP: 0/0
  2609 | D:4      | Reached skill level 1 in Invocations
  3093 | D:5      | Entered Level 5 of the Dungeon
  3198 | D:5      | Noticed an ogre
  3292 | D:5      | Reached * piety under Hepliaklqana
  3421 | D:5      | Noticed a sky beast
  3559 | D:5      | Reached XP level 7. HP: 43/45 MP: 0/0
  3559 | D:5      | Learned a level 2 spell: Mercury Vapours
  4114 | D:6      | Noticed a wyvern
  4116 | D:6      | Killed a wyvern
  4117 | D:6      | Reached skill level 5 in Spellcasting
  4117 | D:6      | Reached skill level 5 in Conjurations
  4117 | D:6      | Reached skill level 5 in Hexes
  4117 | D:6      | Reached skill level 5 in Summonings
  4117 | D:6      | Reached skill level 5 in Necromancy
  4117 | D:6      | Reached skill level 5 in Translocations
  4117 | D:6      | Reached skill level 5 in Fire Magic
  4117 | D:6      | Reached skill level 5 in Ice Magic
  4117 | D:6      | Reached skill level 5 in Air Magic
  4117 | D:6      | Reached skill level 5 in Earth Magic
  4117 | D:6      | Reached skill level 5 in Alchemy
  4117 | D:6      | Reached XP level 8. HP: 44/52 MP: 0/0
  4232 | D:6      | Found a sand-covered staircase.
  4238 | Ossuary  | Entered an ossuary
  4727 | D:6      | Reached skill level 5 in Fighting
  4813 | D:6      | Reached ** piety under Hepliaklqana
  4814 | D:6      | Remembered your ancestor Ficus as a knight
  5000 | D:6      | Reached skill level 5 in Dodging
  5036 | D:6      | Found a broken altar of Ashenzari.
  5352 | D:7      | Reached XP level 9. HP: 48/58 MP: 0/0
  5352 | D:7      | Learned a level 4 spell: Manifold Assault
  5377 | D:7      | Found a staircase to the Ecumenical Temple.
  5479 | D:7      | Reached skill level 5 in Invocations
  5503 | D:7      | Found a flagged portal.
  5582 | Bailey   | Entered a bailey
  6037 | Bailey   | Noticed a gargoyle
  6088 | Bailey   | Killed a gargoyle
  6089 | Bailey   | Reached XP level 10. HP: 53/65 MP: 0/0
  6283 | Bailey   | Identified the +2 ring mail of the Curupira {rCorr}
  6536 | D:7      | Reached skill level 1 in Armour
  6964 | Temple   | Entered the Ecumenical Temple
  7907 | D:9      | Found a staircase to the Lair.
  8224 | D:9      | Found a stormy altar of Qazlal.
  8226 | D:9      | Found a snail-covered altar of Cheibriados.
  8493 | D:9      | Reached XP level 11. HP: 68/72 MP: 0/0
  8493 | D:9      | Learned a level 4 spell: Summon Lightning Spire
  8622 | D:9      | Reached *** piety under Hepliaklqana
  9783 | D:9      | Found a bloodstained altar of Trog.
  9957 | Lair:1   | Entered Level 1 of the Lair of Beasts
 10048 | Lair:1   | Noticed a boulder beetle
 10076 | Lair:1   | Killed a boulder beetle
 10077 | Lair:1   | Reached skill level 1 in Shields
 10143 | Lair:1   | Found a gate leading to a gauntlet.
 10152 | Gauntlet | Entered a Gauntlet
 10152 | Gauntlet | Found a transporter.
 10161 | Gauntlet | Found a transporter.
 10176 | Gauntlet | Found a transporter.
 10184 | Gauntlet | Found a transporter.
 10194 | Gauntlet | Noticed a quicksilver ooze
 10199 | Gauntlet | Found a transporter.
 10218 | Gauntlet | Found a transporter.
 10220 | Gauntlet | Noticed an orange crystal statue
 10230 | Gauntlet | Found a transporter.
 10231 | Gauntlet | Noticed a wretched star
 10238 | Gauntlet | Found a large runed translucent door.
 10239 | Gauntlet | Found a large runed translucent door.
 10240 | Gauntlet | Found a large runed translucent door.
 10240 | Gauntlet | Found a large runed translucent door.
 10241 | Gauntlet | Found a runed translucent gate.
 10241 | Gauntlet | Noticed a sixfirhy
 10242 | Gauntlet | Found a transporter.
 10242 | Gauntlet | Found a runed translucent gate.
 10243 | Gauntlet | Found a runed translucent gate.
 10243 | Gauntlet | Noticed a sixfirhy
 10244 | Gauntlet | Found a large runed translucent door.
 10244 | Gauntlet | Found a large runed translucent door.
 10245 | Gauntlet | Found a large runed translucent door.
 10245 | Gauntlet | Noticed a sixfirhy
 10246 | Gauntlet | Found a large runed translucent door.
 10254 | Gauntlet | Found a transporter.
 10261 | Gauntlet | Noticed a hell beast
 10266 | Gauntlet | Found a transporter.
 10283 | Gauntlet | Found a transporter.
 10300 | Gauntlet | Found a transporter.
 10302 | Gauntlet | Found a transporter.
 10333 | Gauntlet | Found a transporter.
 10333 | Gauntlet | Found a transporter.
 10335 | Gauntlet | Found a transporter.
 10337 | Gauntlet | Found a large runed translucent door.
 10337 | Gauntlet | Found a large runed translucent door.
 10338 | Gauntlet | Found a large runed translucent door.
 10338 | Gauntlet | Found a large runed translucent door.
 10363 | Gauntlet | Found a transporter.
 10365 | Gauntlet | Found a transporter.
 10420 | Gauntlet | Identified the +0 cloak "Humanunlog" {-Tele rPois rF+
                  | Str+3}
 10514 | Gauntlet | Found a large runed translucent door.
 10514 | Gauntlet | Found a large runed translucent door.
 10514 | Gauntlet | Found a runed translucent door.
 10514 | Gauntlet | Found a runed translucent door.
 10516 | Gauntlet | Found a large runed translucent door.
 10517 | Gauntlet | Found a large runed translucent door.
 10688 | Gauntlet | Identified the amulet of Feoc {Spirit rPois Regen+ Int+3
                  | Slay-2}
 11020 | Gauntlet | Noticed a minotaur
 11030 | Gauntlet | Hit by a javelin thrown by a minotaur

Illustrated notes

Levels and vault maps discovered:
D:1:      dpeg_arrival_snail, layout_rooms, st_stairs_4, minmay_vboxes
D:2:      layout_basic, uniq_robin
D:3:      layout_rooms, nicolae_hepliaklqana_hippocampus, pf_just_have_faith
D:4:      layout_cave_pools, minivault_26
D:5:      layout_basic
D:6:      layout_loops_corners, mainiacjoe_overflow_alcove_2,
          nicolae_ossuary_entry_ruins, nicolae_lava_and_water, kennysheep_donut
D:7:      layout_loops_ring, minmay_temple_entry_stoned_glass, enter_bailey_3
D:8:      layout_rooms
D:9:      layout_grid_maze, trog_butcher_becter, mainiacjoe_overflow_big_doors,
          due_lair_maze_entry_diamond
Temple:   minmay_freezing_vapour_temple
Lair:1:   layout_chaotic_city, gauntlet_entry_generic
Gauntlet: gammafunk_gauntlet_one_two_three [nicolae_gauntlet_arena_blocks,
          gammafunk_gauntlet_arena_hedges, nicolae_gauntlet_swirl,
          gammafunk_gauntlet_arena_crates,
          gammafunk_gauntlet_arena_arrow_garden, nicolae_gauntlet_arena_t_cross,
          minmay_gauntlet_arena_make_your_own_arena,
          nicolae_gauntlet_arena_flowing_pool, gammafunk_gauntlet_arena_open,
          gauntlet_exit_green]

Skill      XL: |  1  2  3  4  5  6  7  8  9 10 11 |
---------------+----------------------------------+-----
Fighting       | 1 2 3 4 5 6 7 8 |  8.9
Spellcasting   | 4 5 6 7 8 |  8.2
Conjurations   | 4 5 6 7 8 |  8.2
Hexes          | 4 5 6 7 8 |  8.2
Summonings     | 4 5 6 7 8 |  8.2
Necromancy     | 4 5 6 7 8 |  8.2
Translocations | 4 5 6 7 8 |  8.2
Fire Magic     | 4 5 6 7 8 |  8.2
Ice Magic      | 4 5 6 7 8 |  8.2
Air Magic      | 4 5 6 7 8 |  8.2
Earth Magic    | 4 5 6 7 8 |  8.2
Alchemy        | 4 5 6 7 8 |  8.2
Invocations    | 2 3 4 5 7 8 |  8.3
Dodging        | 3 4 5 6 8 |  8.3
Armour         | 3 4 |  4.5
Shields        | 1 |  1.9
Stealth        | |  1.5

Action                     |  1- 3 |  4- 6 |  7- 9 | 10-12 || total
---------------------------+-------+-------+-------+-------++-------
  Melee: Dagger            |       |     1 |       |       ||     1
   Cast: Shock             |    63 |   160 |   246 |   126 ||   595
         Scorch            |       |     2 |       |       ||     2
         Airstrike         |       |       |    13 |   115 ||   128
         Freeze            |       |       |       |     4 ||     4
         Summon Lightning  |       |       |       |     8 ||     8
         Static Discharge  |       |       |       |     3 ||     3
         Mercury Vapours   |       |       |       |     1 ||     1
 Invoke: Ancestor Life: Kn |       |       |     1 |       ||     1
         Recall Ancestor   |       |       |     1 |     5 ||     6
         Transference      |       |       |       |     1 ||     1
    Use: Scroll            |       |       |       |    20 ||    20
         Potion            |       |       |       |     3 ||     3
 Armour: Robe              |     9 |    19 |     8 |    30 ||    66
         Leather armour    |       |       |       |    15 ||    15
  Dodge: Dodged            |    11 |    22 |    11 |    42 ||    86

Table legend: (Time is in decaauts)
 A = Elapsed time spent in this place.
 B = Non-inter-level travel time spent in this place.
 C = Inter-level travel time spent in this place.
 D = Time resting spent in this place.
 E = Time spent auto-exploring this place.
 F = Levels seen in this place.
 G = Mean time per level.
                   A        B        C        D        E       F      G
               +--------+--------+--------+--------+--------+-----+--------+
         Total |  11012 |  10374 |    638 |   2433 |   4664 |  14 |  786.6 |
       Dungeon |   8886 |   8248 |    638 |   1614 |   4558 |   9 |  987.3 |
        Temple |      1 |      1 |      0 |      0 |      0 |   1 |    1.0 |
          Lair |    195 |    195 |      0 |     41 |      0 |   1 |  195.0 |
       Ossuary |    311 |    311 |      0 |    103 |    102 |   1 |  311.0 |
        Bailey |    758 |    758 |      0 |    290 |      4 |   1 |  758.0 |
      Gauntlet |    858 |    858 |      0 |    385 |      0 |   1 |  858.0 |
               +--------+--------+--------+--------+--------+-----+--------+

Top non-repeatable levels by time:
     D:9: 1911 daAuts
     D:6: 1101 daAuts
     D:7: 1007 daAuts
     D:8: 991 daAuts
     D:3: 949 daAuts
     D:2: 935 daAuts
Gauntlet: 858 daAuts
  Bailey: 758 daAuts
     D:5: 715 daAuts
     D:1: 672 daAuts
     D:4: 601 daAuts
 Ossuary: 311 daAuts
  Lair:1: 195 daAuts
  Temple: 1 daAuts
